Sour gummy throws. Could use advice on games looking to go S-Pro

Match 29329824
End
Pioneer Squad
Selects Luftwaffe Battlegroup
Selects Luftwaffe Pioneer Support
Fallschirmpioneer Squad Paradrop
Construct Infanterie Kompanie
Fallschirmpioneer Squad Paradrop
Grenadier Squad
GrW 34 Mortar Team
Construct Panzergrenadier Kompanie
Medical Bunker
251 Medium Carrier
Panzergrenadier Squad
Selects Stuka Strafing Run
Selects LG40 Recoilless Gun Paradrop
MG 42 Machine Gun Team
Support Elements
Selects Fallschirmjäger Squad Paradrop
Fallschirmjäger Squad Paradrop
StuG III G Assault Gun
Stuka Strafing Run
Stuka Strafing Run
Nebelwerfer 42 Rocket Launcher Team
Construct Panzer Kompanie
Sturmpanzer IV Brummbär
DrSpread_Ur_Cheeks
Knightingale
0
0

Comments sign in to comment!

No comments posted yet!